 Dungeon Sprint DCSS version 0.31-a0-844-gdc52ec4e09 (webtiles) character file.

Game seed: 5533374609808343454

45 sircluck the Ruffian (level 3, -14/58 HPs)
             Began as a Troll Berserker on Sept 28, 2023.
             Was a Priest of Trog.
             Demolished by a freezing wraith (20 damage)
             ... in the Dungeon (Sprint VII: "The Pits").
             The game lasted 00:00:30 (206 turns).

sircluck the Ruffian (Troll Berserker)               Turns: 206, Time: 00:00:31

Health: -14/58     AC:  4    Str: 27    XL:     3   Next: 42%
Magic:  2/2        EV: 10    Int:  3    God:    Trog [***...]
Gold:   0          SH:  0    Dex:  9    Spells: 2/2 levels left

rFire   . .          .
                       - Unarmed
rCold   . . .        (no shield)
rNeg    . . .        a - +0 animal skin
rPois   .            (helmet restricted)
rElec   .            (no cloak)
rCorr   .            (gloves unavailable)
SInv    .            (boots unavailable)
Will    .....        (no amulet) Stlth
                     (no ring)
HPRegen 1.09/turn    (no ring)
MPRegen 0.08/turn

%: no teleportation
@: berserking, slowed
A: large, unfitting armour, claws 3, regeneration 1, shaggy fur 1, tough skin 1
a: Renounce Religion, Berserk, Trog's Hand


You were in the Dungeon.
You worshipped Trog.
Trog was most pleased with you.
You visited 1 branch

Inventory:

Armour
 a - a +0 animal skin (worn)
Scrolls
 g - a scroll of blinking
 i - 2 scrolls of vulnerability
 j - a scroll of summoning
Potions
 b - 6 potions of curing
 c - 6 potions of heal wounds
 d - a potion of haste
 e - 4 potions of magic
 f - 3 potions of berserk rage
 h - 2 potions of invisibility


   Skills:
 + Level 4.1 Fighting
 + Level 4.0 Dodging
 + Level 4.9 Unarmed Combat


You had 2 spell levels left.
You didn't know any spells.
Your spell library was empty.

Dungeon Overview and Level Annotations

Branches:
Dungeon (1/1)

Altars:
Ashenzari
Cheibriados
Dithmenos
Elyvilon
Fedhas
Gozag
Hepliaklqana
Kikubaaqudgha
Makhleb
Nemelex Xobeh
Okawaru
Qazlal
Ru
Sif Muna
Trog
Uskayaw
Vehumet
Wu Jian
Xom
Yredelemnul
Zin
The Shining One
Jiyva
Lugonu


Innate Abilities, Weirdness & Mutations

You are too large for most types of armour.
You have claws for hands.
Your natural rate of healing is unusually fast.
You are covered in fur. (AC +1)
You have tough skin. (AC +1)


Message History

You see here a +0 quarterstaff of speed.
You see here a +0 long sword of holy wrath.
c - 6 potions of heal wounds (gained 5)
b - 6 potions of curing (gained 5)
You see here a +4 mace of protection.
You see here a +1 heavy trident.
You see here a +0 heavy hand axe.
You see here a +3 ring mail.
You see here a +3 chain mail.
There is an open door here.
There is a large open door here.
There is an open door, spattered with blood here.
There is an open door here.
You see here a quokka corpse.
There is an open door here.
There is an open door to the Storerooms (Easy) here.
You open the huge gate.
There is a huge open gate leading to the Armoury (Hard) here.
A freezing wraith comes into view.
There is a huge open gate here.
There is a huge open gate leading to the Armoury (Hard) here.
There is an open door to the Storerooms (Easy) here.
A red film seems to cover your vision as you go berserk!
You feel yourself moving faster!
You feel mighty!
You scratch the freezing wraith.
The freezing wraith is lightly damaged.
The freezing wraith hits you! The freezing wraith freezes you!
The freezing wraith hits you! The freezing wraith drains your vigour!
You feel yourself slow down.
You claw the freezing wraith!
The freezing wraith is heavily damaged.
The freezing wraith hits you. The freezing wraith freezes you!
* * * LOW HITPOINT WARNING * * *
The freezing wraith barely misses you.
You scratch the freezing wraith but do no damage.
The freezing wraith is heavily damaged.
The freezing wraith hits you.
* * * LOW HITPOINT WARNING * * *
The freezing wraith freezes you!!
You die...

############
#_________.#
#_________.#
#_______...#########
##########'##.......
#.?(.')))'.##......#
##########.##.......
#..@W.......'.......
#+#####'#####......#
#..#..†'.##.......
#..#...#.#####'###
#.)#####.##.......
#..'...#.##.......
#..'...'.##.......
#..########...<...
#..'[))).##.......


You could see a freezing wraith.

Vanquished Creatures
  A crimson imp (D)
  A giant cockroach (D)
  A kobold (D)
  5 quokkas (D)
  A rat (D)
9 creatures vanquished.

Notes
Turn   | Place    | Note
-------+----------+-------------------------------------------
     0 | D        | sircluck the Troll Berserker began the quest for the Orb.
     0 | D        | Reached XP level 1. HP: 22/22 MP: 0/0
    22 | D        | Found a bloodstained altar of Trog.
    22 | D        | Found a shimmering blue altar of Sif Muna.
    22 | D        | Found a viscous altar of Jiyva.
    22 | D        | Found a hazy altar of Hepliaklqana.
    22 | D        | Found an opulent altar of Gozag.
    23 | D        | Found a glowing golden altar of the Shining One.
    23 | D        | Found a glowing silver altar of Zin.
    23 | D        | Found a basalt altar of Yredelemnul.
    23 | D        | Found a shimmering altar of Xom.
    23 | D        | Found an ornate altar of the Wu Jian Council.
    23 | D        | Found a sacrificial altar of Ru.
    23 | D        | Found a stormy altar of Qazlal.
    23 | D        | Found an iron altar of Okawaru.
    23 | D        | Found a sparkling altar of Nemelex Xobeh.
    23 | D        | Found a burning altar of Makhleb.
    23 | D        | Found a blossoming altar of Fedhas.
    23 | D        | Found a white marble altar of Elyvilon.
    23 | D        | Found a shadowy altar of Dithmenos.
    23 | D        | Found a snail-covered altar of Cheibriados.
    26 | D        | Found a corrupted altar of Lugonu.
    26 | D        | Found a radiant altar of Vehumet.
    27 | D        | Found an ancient bone altar of Kikubaaqudgha.
    27 | D        | Found a hide-covered altar of Uskayaw.
    27 | D        | Found a broken altar of Ashenzari.
    74 | D        | Reached ** piety under Trog
    95 | D        | Noticed a crimson imp
   102 | D        | Reached *** piety under Trog
   103 | D        | Reached XP level 2. HP: 29/31 MP: 1/1
   108 | D        | Killed a crimson imp
   109 | D        | Reached XP level 3. HP: 39/39 MP: 2/2
   170 | D        | Noticed a freezing wraith
   206 | D        | Demolished by a freezing wraith

Illustrated notes

Levels and vault maps discovered:
D:        pitsprint [storerooms_1, entrance_room_1, metal_vault_3, armoury_3,
          mini_pit_1, grid_room_1, main_hall_1, silver_pit, the_coven_1,
          the_vestibule_1, steel_vault_1, golden_pit, hallway_of_sentries,
          crystal_vault_2, iron_vault_1, final_vault]

Skill      XL: |  1  2 |
---------------+-------+-----
Fighting       | 3 4 |  4.1
Dodging        | 3 4 |  4.0
Unarmed Combat | 4 |  4.9

Action                     || total
---------------------------++-------
  Melee: Unarmed           ||    30
 Invoke: Berserk           ||     1
   Stab: Sleeping          ||     1
 Armour: Animal skin       ||    19
  Dodge: Dodged            ||    14

Table legend: (Time is in decaauts)
 A = Elapsed time spent in this place.
 B = Non-inter-level travel time spent in this place.
 C = Inter-level travel time spent in this place.
 D = Time resting spent in this place.
 E = Time spent auto-exploring this place.
 F = Levels seen in this place.
 G = Mean time per level.
                   A        B        C        D        E       F      G
               +--------+--------+--------+--------+--------+-----+--------+
         Total |    203 |    203 |      0 |      0 |     26 |   1 |  203.0 |
       Dungeon |    203 |    203 |      0 |      0 |     26 |   1 |  203.0 |
               +--------+--------+--------+--------+--------+-----+--------+

Top non-repeatable levels by time:
       D: 203 daAuts
